 Dungeon Crawl Stone Soup version 0.21.1-1-g345015fe64 (webtiles) character file.

197 TazKhaelyor the Chopper (level 5, 0/47 HPs)
             Began as a Minotaur Berserker on June 11, 2018.
             Was a Believer of Trog.
             Slain by Sigmund
             ... wielding a +0 scythe
              (15 damage)
             ... on level 3 of the Dungeon.
             The game lasted 00:26:32 (2397 turns).

TazKhaelyor the Chopper (Minotaur Berserker)        Turns: 2397, Time: 00:26:33

Health: 0/47       AC:  3    Str: 22    XL:     5   Next: 46%
Magic:  4/4        EV: 13    Int:  4    God:    Trog [**....]
Gold:   130        SH:  0    Dex: 10    Spells: 4/4 levels left

rFire    . . .     SeeInvis .   a - +0 hand axe
rCold    . . .     Gourm    .   (no shield)
rNeg     . . .     Faith    .   u - +0 leather armour
rPois    .         Spirit   .   (helmet restricted)
rElec    .         Reflect  .   (no cloak)
rCorr    .         Harm     .   (no gloves)
MR       .....                  (no boots)
Stlth    +.........             (no amulet)
HPRegen  0.15/turn              (no ring)
MPRegen  0.09/turn              (no ring)

@: berserk cooldown, slowed, very slow
A: retaliatory headbutt, horns 2
a: Berserk, Trog's Hand, Burn Spellbooks, Renounce Religion


You were on level 3 of the Dungeon.
You worshipped Trog.
Trog was pleased with you.
You were hungry.

You visited 1 branch of the dungeon, and saw 3 of its levels.

You collected 130 gold pieces.

Inventory:

Hand Weapons
 a - a +0 hand axe (weapon)
Missiles
 i - 109 stones (quivered)
 w - 24 arrows
Armour
 b - a +0 animal skin
 u - a +0 leather armour (worn)
 v - a +0 leather armour
 x - a +0 leather armour
Jewellery
 l - an uncursed ring of protection from magic {unknown}
 r - an uncursed amulet of regeneration {unknown}
 y - an uncursed ring of magical power {unknown}
Scrolls
 d - 6 scrolls of fog {unknown}
 e - 4 scrolls of enchant armour {unknown}
 f - a scroll of teleportation {unknown}
 h - a scroll of blinking {unknown}
 p - 3 scrolls of identify {unknown}
Potions
 g - 3 potions of agility {unknown}
 j - 2 potions of might {unknown}
 k - a potion of curing {unknown}
 m - a potion of haste {unknown}
 n - a potion of degeneration {unknown}
 o - 2 potions of flight {unknown}
 q - a potion of ambrosia {unknown}
Comestibles
 c - 9 rations
 t - 5 chunks of flesh


   Skills:
 + Level 4.8 Fighting
 + Level 4.9 Axes
 + Level 4.0 Armour
 + Level 3.6 Dodging


You had 4 spell levels left.
You didn't know any spells.

Dungeon Overview and Level Annotations

Branches:
Dungeon (3/15)

Altars:
Uskayaw
Vehumet

Annotations:
D:3 Sigmund


Innate Abilities, Weirdness & Mutations

You reflexively headbutt those who attack you in melee.
You have a pair of horns on your head.


Message History

You feel your anger nearly subside.
You are no longer berserk.
You are exhausted.
You feel yourself slow down. Something completely misses you.
You hear some strange, mumbled words.
Something tries to affect you, but you resist.
You feel less confused. Something hits you. Something hits you.
You are feeling hungry.
Something hits you! Something hits you!
You barely miss something. Something hits you.
You hit something. Something hits you!
* * * LOW HITPOINT WARNING * * *
Okay, then.
Okay, then.
Drop what? 25/52 slots (_ for help) (? for menu, Esc to quit)
You drop a book of Minor Magic.
Something hits you!
You die...

#.........#.............
#.......).#.............
#.........#.....).......
#.......................
#...........#####.......
#...........# #.....####
#...........###..>..+ .
###.........#.......####
###...{@................
#..)....................
#.......>...............
#.......................
#...........##..........
#...........##..........
#####...................
#...................
#........ #....#...


There were no monsters in sight!

Vanquished Creatures
  An orc priest (D:3)
  An orc wizard (D:3)
  8 adders
  An ooze (D:2)
  2 worms (D:2)
  A dart slug (D:3)
  2 leopard geckos (D:1)
  2 orcs (D:3)
  A giant cockroach (D:2)
  4 goblins
  6 hobgoblins
  8 jackals
  A quokka (D:3)
  A ball python (D:1)
  7 bats
  5 frilled lizards
  5 kobolds
  7 rats
63 creatures vanquished.

Notes
Turn   | Place    | Note
-------+----------+-------------------------------------------
     0 | D:1      | TazKhaelyor the Minotaur Berserker began the quest for the Orb.
     0 | D:1      | Reached XP level 1. HP: 19/19 MP: 0/0
   246 | D:1      | Reached XP level 2. HP: 25/27 MP: 1/1
   669 | D:2      | Found a radiant altar of Vehumet.
   881 | D:2      | Reached XP level 3. HP: 33/33 MP: 2/2
  1125 | D:2      | Reached ** piety under Trog
  1216 | D:2      | Reached XP level 4. HP: 40/40 MP: 3/3
  1558 | D:2      | Found a hide-covered altar of Uskayaw.
  2060 | D:3      | Reached XP level 5. HP: 47/47 MP: 4/4
  2370 | D:3      | Noticed Sigmund
  2397 | D:3      | Slain by Sigmund

Skill      XL: |  1  2  3  4  5 |
---------------+----------------+-----
Axes           | 4 |  4.9
Fighting       | 4 |  4.8
Armour         | 3 4 |  4.0
Dodging        | 3 |  3.6

Action                   |  1- 3 |  4- 6 || total
-------------------------+-------+-------++-------
Melee: Hand axe          |    67 |    56 ||   123
       Headbutt          |    13 |     8 ||    21
Throw: Stone             |    48 |    67 ||   115
Invok: Berserk           |     2 |     2 ||     4
  Eat: Chunk             |     3 |     5 ||     8
Armor: Animal skin       |     8 |     1 ||     9
       Leather armour    |       |     9 ||     9
Dodge: Dodged            |    29 |    42 ||    71
